 Dungeon Crawl Stone Soup version 0.28-a0-823-gb444dcf96d (webtiles) character file.

Game seed: 83233098870059379

25 SmokeWeed the Sneak (level 3, 0/22 HPs)
             Began as a Kobold Brigand on Nov 10, 2021.
             Slain by an adder (3 damage)
             ... on level 2 of the Dungeon.
             The game lasted 00:02:37 (1565 turns).

SmokeWeed the Sneak (Kobold Brigand)                Turns: 1565, Time: 00:02:37

Health: 0/22       AC: 11    Str:  9    XL:     3   Next: 20%
Magic:  3/3        EV:  2    Int: 12    God:
Gold:   45         SH:  0    Dex: 16    Spells: 2/2 levels left

rFire   . . .      SeeInvis .   m - +0 rapier
rCold   . . .      Faith    .   (shield restricted)
rNeg    . . .      Spirit   .   u - +0 plate armour
rPois   .          Reflect  .   (no helmet)
rElec   .          Harm     .   c - +0 cloak
rCorr   .          Rampage  .   (no gloves)
Will    .....                   (no boots)
Stlth   ..........              (no amulet)
HPRegen 0.07/turn               (no ring)
MPRegen 0.08/turn               (no ring)

@: lethally poisoned (0 -> -4)
A: small, no large weapons, nightstalker 3
a: no special abilities


You were on level 2 of the Dungeon.
You visited 1 branch of the dungeon, and saw 2 of its levels.

You collected 45 gold pieces.

Inventory:

Hand Weapons
 a - a +2 dagger
 m - a +0 rapier (weapon)
Missiles
 d - 8 poisoned darts (quivered)
 e - 2 curare-tipped darts
 o - 15 arrows
Armour
 b - a +0 robe
 c - a +0 cloak (worn)
 f - a +0 scale mail
 g - a +0 ring mail
 t - a +0 chain mail
 u - a +0 plate armour (worn)
Jewellery
 i - a ring of protection from fire
 l - a ring of protection from fire
 q - a ring of see invisible
Scrolls
 h - 2 scrolls of fog {unknown}
 k - a scroll of silence {unknown}
 n - a scroll of immolation {unknown}
 p - a scroll of magic mapping {unknown}
 s - a scroll of teleportation {unknown}
 v - a scroll of holy word {unknown}
Potions
 j - a potion of attraction {unknown}
 r - a potion of curing {unknown}


   Skills:
 + Level 2.3 Fighting
 + Level 3.3 Short Blades
 + Level 2.1 Throwing
 + Level 0.1 Armour
 * Level 1.5 Dodging
 + Level 6.0 Stealth


You had 2 spell levels left.
You didn't know any spells.
Your spell library was empty.

Dungeon Overview and Level Annotations

Branches:
Dungeon (2/15)

Altars:


Innate Abilities, Weirdness & Mutations

You are small and have problems with some larger weapons.
You are completely attuned to the shadows.


Message History

You finish taking off your +0 chain mail.
You start putting on your armour.
You continue putting on your +0 plate armour. x5
You finish putting on your +0 plate armour.
v - a scroll labelled YWINAS XANOTZ
Found a stone staircase leading up.
Found a stone staircase leading down.
There is a stone staircase leading down here.
Found an escape hatch in the ceiling.
Found a stone staircase leading down.
An adder comes into view.
The adder hisses angrily.
The adder bites you but does no damage.
You miss the adder. The adder bites you.
You are poisoned.
The adder poisons you!
You closely miss the adder.
You feel sick. The adder bites you but does no damage. The adder bites you.
You are more poisoned.
The adder poisons you!
You barely miss the adder.
You feel very sick. The adder bites you but does no damage.
You hit the adder.
The adder is moderately wounded.
You feel sick. The adder bites you but does no damage.
You barely miss the adder.
The adder is moderately wounded.
You feel sick. The adder bites you.
* * * LOW HITPOINT WARNING * * *
The adder bites you but does no damage.
You hit the adder.
The adder is heavily wounded.
* * * LOW HITPOINT WARNING * * *
You feel sick. The adder bites you but does no damage.
You hit the adder.
The adder is severely wounded.
* * * LOW HITPOINT WARNING * * *
You feel sick. The adder bites you.
You die...

.> #.#.# # ##.#.#
# .....# #.#.####
#....... ###.####
################.#
...S@............#
##################


You could see an adder.

Vanquished Creatures
  A dart slug (D:2)
  A bat (D:1)
  2 endoplasms (D:1)
  2 giant cockroaches
  4 goblins (D:1)
  2 kobolds (D:1)
  A quokka (D:1)
  4 ball pythons (D:1)
  4 rats (D:1)
21 creatures vanquished.

Vanquished Creatures (others)
  4 fungi (D:2)
  6 plants (D:2)
10 creatures vanquished.

Grand Total: 31 creatures vanquished

Notes
Turn   | Place    | Note
-------+----------+-------------------------------------------
     0 | D:1      | SmokeWeed the Kobold Brigand began the quest for the Orb.
     0 | D:1      | Reached XP level 1. HP: 12/12 MP: 1/1
   287 | D:1      | Reached XP level 2. HP: 17/17 MP: 2/2
  1004 | D:1      | Reached skill level 6 in Stealth
  1112 | D:1      | Reached XP level 3. HP: 19/21 MP: 3/3
  1565 | D:2      | Slain by an adder

Illustrated notes

Levels and vault maps discovered:
D:1:      lordsloth_arrival_two_stooges, layout_loops_corners, minmay_3d_cube
D:2:      layout_loops_ring, shapermc_ecumenical_altar_mp_urbaneastern

Skill      XL: |  1  2 |
---------------+-------+-----
Short Blades   | 3 |  3.3
Stealth        | 6 |  6.0
Fighting       | |  2.3
Throwing       | |  2.1
Armour         | |  0.1
Dodging        | |  1.5

Action                   || total
-------------------------++-------
Melee: Dagger            ||    40
       Rapier            ||    25
 Stab: Sleeping          ||     6
Armor: Scale mail        ||    22
       Plate armour      ||     6
       Chain mail        ||     2
Dodge: Dodged            ||    21

Table legend: (Time is in decaauts)
 A = Elapsed time spent in this place.
 B = Non-inter-level travel time spent in this place.
 C = Inter-level travel time spent in this place.
 D = Time resting spent in this place.
 E = Time spent auto-exploring this place.
 F = Levels seen in this place.
 G = Mean time per level.
                   A        B        C        D        E       F      G
               +--------+--------+--------+--------+--------+-----+--------+
         Total |   1559 |   1534 |     25 |      0 |   1323 |   2 |  779.5 |
       Dungeon |   1559 |   1534 |     25 |      0 |   1323 |   2 |  779.5 |
               +--------+--------+--------+--------+--------+-----+--------+

Top non-repeatable levels by time:
     D:1: 1375 daAuts
     D:2: 184 daAuts
